MLB
CHICAGO CUBS @ SAN DIEGO PADRES
07/05/2045
 
TOP OF THE 1ST
Chicago Cubs batting - Pitching for San Diego Padres : LHP Jason Breeden
Pitching: LHP Jason Breeden
Batting: RHB Yasuhide Kasahara 0-0: Called Strike
0-1: Called Strike
0-2: Ground out 4-3 (Groundball, 4, EV 86.2 MPH)
Batting: RHB Elijah Campbell 0-0: Called Strike
0-1: Ground out 6-3 (Groundball, 6, EV 78.8 MPH)
Batting: RHB Efrain Vargas 0-0: Called Strike
0-1: Ball
1-1: Ball
2-1: Swinging Strike
2-2: Strikes out swinging
Top of the 1st over - 0 runs, 0 hits, 0 errors, 0 left on base; Chicago 0 - San Diego 0
BOTTOM OF THE 1ST
San Diego Padres batting - Pitching for Chicago Cubs : RHP Chris Ray
Pitching: RHP Chris Ray
Batting: LHB Per Meulengracht 0-0: Called Strike
0-1: Ground out 4-3 (Groundball, 4, EV 103.8 MPH)
Batting: RHB Jorge Severiano 0-0: Fly out, F7 (Flyball, 7S, EV 89.4 MPH)
Batting: RHB Bobby Ayala 0-0: Ball
1-0: Called Strike
1-1: Foul Ball, location: 2F
1-2: DOUBLE (Line Drive, 7LS, EV 106.9 MPH)
Pinch Runner at 2nd Carlos Reyes:
Batting: LHB Aaron LeBlanc 0-0: Called Strike
0-1: Foul Ball, location: 2F
0-2: Ball
1-2: Ball
2-2: Ball
3-2: Foul Ball, location: 2F
3-2: Strikes out swinging
Bottom of the 1st over - 0 runs, 1 hit, 0 errors, 1 left on base; Chicago 0 - San Diego 0
TOP OF THE 2ND
Chicago Cubs batting - Pitching for San Diego Padres : LHP Jason Breeden
Batting: RHB Josh Kalman 0-0: Called Strike
0-1: Ball
1-1: Ball
2-1: Ball
3-1: Called Strike
3-2: Foul Ball, location: 2F
3-2: Foul Ball, location: 2F
3-2: Fly out, F9 (Flyball, 9LM, EV 75.6 MPH)
Batting: RHB Will Leslie 0-0: Swinging Strike
0-1: Foul Ball, location: 2F
0-2: Ball
1-2: Ball
2-2: Ball
3-2: Strikes out swinging
Batting: RHB Steve Bui 0-0: Called Strike
0-1: Ball
1-1: Called Strike
1-2: Fly out, F3 (Line Drive, 3, EV 62.5 MPH)
Top of the 2nd over - 0 runs, 0 hits, 0 errors, 0 left on base; Chicago 0 - San Diego 0
BOTTOM OF THE 2ND
San Diego Padres batting - Pitching for Chicago Cubs : RHP Chris Ray
Batting: RHB Chiel Palstermans 0-0: Called Strike
0-1: Foul Ball, location: 2F
0-2: Foul Ball, location: 2F
0-2: Strikes out looking
Batting: RHB Kevin Howard 0-0: Ball
1-0: Swinging Strike
1-1: Called Strike
1-2: Ball
2-2: Ball
3-2: Strikes out swinging
Batting: RHB Alois Wollf 0-0: Swinging Strike
0-1: Fly out, F8 (Line Drive, 8LM, EV 98.1 MPH)
Bottom of the 2nd over - 0 runs, 0 hits, 0 errors, 0 left on base; Chicago 0 - San Diego 0
TOP OF THE 3RD
Chicago Cubs batting - Pitching for San Diego Padres : LHP Jason Breeden
Batting: LHB Kevin Norton 0-0: Called Strike
0-1: Ball
1-1: Called Strike
1-2: Ball
2-2: Foul Ball, location: 2F
2-2: Ball
3-2: Foul Ball, location: 2F
3-2: Foul Ball, location: 2F
3-2: Ground out 6-3 (Groundball, 6, EV 107.5 MPH)
Batting: RHB Jason Ostrom 0-0: Swinging Strike
0-1: Ground out 6-3 (Groundball, 6, EV 104.4 MPH)
Batting: RHB Pat Barton 0-0: Called Strike
0-1: Ball
1-1: Foul Ball, location: 2F
1-2: Foul Ball, location: 2F
1-2: Fly out, F8 (Line Drive, 8RD, EV 106.9 MPH)
Top of the 3rd over - 0 runs, 0 hits, 0 errors, 0 left on base; Chicago 0 - San Diego 0
BOTTOM OF THE 3RD
San Diego Padres batting - Pitching for Chicago Cubs : RHP Chris Ray
Batting: LHB Chris Moody 0-0: Ball
1-0: Ball
2-0: Called Strike
2-1: Foul Ball, location: 2F
2-2: Foul Ball, location: 2F
2-2: Ball
3-2: Ground out 4-3 (Groundball, 34, EV 81.9 MPH)
Batting: LHB Joseph Martin 0-0: Foul Ball, location: 2F
0-1: Ball
1-1: Hit by Pitch
Batting: LHB Per Meulengracht 0-0: Ball
1-0: Foul Ball, location: 2F
1-1: SINGLE (Line Drive, 7S, EV 88.1 MPH)
Joseph Martin to second
Batting: RHB Jorge Severiano 0-0: Ball
1-0: Called Strike
1-1: Called Strike
1-2: Fly out, F9 (Flyball, 89D, EV 91.2 MPH)
Runner from 2nd tags up, SAFE at 3rd, no throw by RF
Batting: RHB Carlos Reyes 0-0: Ball
1-0: Called Strike
1-1: Foul Ball, location: 2F
1-2: Foul Ball, location: 2F
1-2: Ball
2-2: Strikes out looking
Bottom of the 3rd over - 0 runs, 1 hit, 0 errors, 2 left on base; Chicago 0 - San Diego 0
TOP OF THE 4TH
Chicago Cubs batting - Pitching for San Diego Padres : LHP Jason Breeden
Batting: RHB Yasuhide Kasahara 0-0: Ball
1-0: Ball
2-0: Ground out 6-3 (Groundball, 6, EV 88.1 MPH)
Batting: RHB Elijah Campbell 0-0: Called Strike
0-1: Ball
1-1: Foul Ball, location: 2F
1-2: Ball
2-2: SINGLE (Line Drive, 9S, EV 96.2 MPH)
Batting: RHB Efrain Vargas 0-0: Called Strike
Elijah Campbell steals 2nd base
0-1: Ball
1-1: Called Strike
1-2: Strikes out swinging
Batting: RHB Josh Kalman 0-0: Ball
1-0: Foul Ball, location: 2F
1-1: SINGLE (Groundball, 6D, EV 107.5 MPH)
Elijah Campbell to third
Runner from 3rd tries for Home, SAFE, throw by CF to home
Batting: RHB Will Leslie 0-0: Ball
1-0: Ball
2-0: Ball
3-0: Fly out, F8 (Flyball, 8LM, EV 72.5 MPH)
Top of the 4th over - 1 run, 2 hits, 0 errors, 1 left on base; Chicago 1 - San Diego 0
BOTTOM OF THE 4TH
San Diego Padres batting - Pitching for Chicago Cubs : RHP Chris Ray
Batting: LHB Aaron LeBlanc 0-0: Ball
1-0: Called Strike
1-1: Fly out, F5 (Popup, 5SF, EV 81.2 MPH)
Batting: RHB Chiel Palstermans 0-0: Ball
1-0: Called Strike
1-1: Ball
2-1: Foul Ball, location: 2F
2-2: Foul Ball, location: 2F
2-2: Ground out 5-3 (Groundball, 5S, EV 69.4 MPH)
Batting: RHB Kevin Howard 0-0: Ball
1-0: Ball
2-0: Ball
3-0: Base on Balls
Batting: RHB Alois Wollf 0-0: Called Strike
0-1: Swinging Strike
0-2: Strikes out swinging
Bottom of the 4th over - 0 runs, 0 hits, 0 errors, 1 left on base; Chicago 1 - San Diego 0
TOP OF THE 5TH
Chicago Cubs batting - Pitching for San Diego Padres : LHP Jason Breeden
Batting: RHB Steve Bui 0-0: Fly out, F9 (Line Drive, 9, EV 91.2 MPH)
Batting: LHB Kevin Norton 0-0: Foul Ball, location: 2F
0-1: Ball
1-1: Ball
2-1: Reached via error on a dropped throw from SS, E3 (Groundball, 6, EV 92.5 MPH)
Batting: RHB Jason Ostrom 0-0: Ball
1-0: Ball
2-0: Ball
3-0: Foul Ball, location: 2F
3-1: Base on Balls
Kevin Norton to second
Batting: RHB Pat Barton 0-0: Swinging Strike
0-1: Ball
1-1: Ball
2-1: Fly out, F9 (Flyball, 9LD, EV 81.9 MPH)
Runner from 2nd tags up, SAFE at 3rd, no throw by RF
Batting: RHB Yasuhide Kasahara 0-0: Ball
1-0: Swinging Strike
1-1: SINGLE (Line Drive, 9S, EV 93.8 MPH)
Kevin Norton scores
Jason Ostrom to second
Runner from 2nd tries for 3rd, SAFE, throw by RF made to third
Batting: RHB Elijah Campbell 0-0: Foul Ball, location: 2F
0-1: Ball
1-1: Foul Ball, location: 2F
1-2: Ball
2-2: Fielders Choice at 2nd, 5-4 (Groundball, 5, EV 83.8 MPH)
Top of the 5th over - 1 run, 1 hit, 1 error, 2 left on base; Chicago 2 - San Diego 0
BOTTOM OF THE 5TH
San Diego Padres batting - Pitching for Chicago Cubs : RHP Chris Ray
Batting: LHB Chris Moody 0-0: Foul Ball, location: 2F
0-1: Ground out 4-3 (Groundball, 4, EV 77.5 MPH)
Batting: LHB Joseph Martin 0-0: Ball
1-0: Called Strike
1-1: Called Strike
1-2: Strikes out looking
Batting: LHB Per Meulengracht 0-0: Ball
1-0: Ball
2-0: Swinging Strike
2-1: Called Strike
2-2: Ball
3-2: DOUBLE (Line Drive, 78D, EV 110.0 MPH)
Batting: RHB Jorge Severiano 0-0: Ball
1-0: Ball
2-0: Called Strike
2-1: Foul Ball, location: 2F
2-2: Ball
3-2: Base on Balls
Batting: RHB Carlos Reyes 0-0: Ball
1-0: Fly out, F8 (Flyball, 8LS, EV 95.6 MPH)
Bottom of the 5th over - 0 runs, 1 hit, 0 errors, 2 left on base; Chicago 2 - San Diego 0
TOP OF THE 6TH
Chicago Cubs batting - Pitching for San Diego Padres : LHP Jason Breeden
Batting: RHB Efrain Vargas 0-0: Ball
1-0: Foul Ball, location: 2F
1-1: Ball
2-1: Ball
3-1: Foul Ball, location: 2F
3-2: Base on Balls
Batting: RHB Josh Kalman 0-0: Swinging Strike
0-1: SINGLE (Line Drive, 3D, EV 99.4 MPH)
Efrain Vargas to second
Runner from 2nd tries for 3rd, SAFE, throw by RF made to third
Batting: RHB Will Leslie 0-0: Called Strike
0-1: Ball
1-1: Ball
2-1: Ball
3-1: Called Strike
3-2: Fielders Choice at 2nd, 4-6 (Groundball, 34, EV 81.9 MPH)
Efrain Vargas scores
Batting: RHB Steve Bui 0-0: Ball
1-0: Ball
2-0: Foul Ball, location: 2F
2-1: Ball
3-1: Called Strike
3-2: Fly out, F9 (Flyball, 9S, EV 88.1 MPH)
Batting: LHB Kevin Norton 0-0: Ball
Will Leslie steals 2nd base (no throw)
1-0: Ball
Passed Ball!
Will Leslie to third
2-0: Called Strike
2-1: Ground out 4-3 (Groundball, 4, EV 80.0 MPH)
Top of the 6th over - 1 run, 1 hit, 0 errors, 1 left on base; Chicago 3 - San Diego 0
BOTTOM OF THE 6TH
San Diego Padres batting - Pitching for Chicago Cubs : RHP Chris Ray
Batting: LHB Aaron LeBlanc 0-0: Swinging Strike
0-1: Foul Ball, location: 2F
0-2: Ball
1-2: Foul Ball, location: 2F
1-2: Ball
2-2: Foul Ball, location: 2F
2-2: Strikes out swinging
Batting: RHB Chiel Palstermans 0-0: Called Strike
0-1: SINGLE (Line Drive, 6D, EV 95.6 MPH)
Batting: RHB Kevin Howard 0-0: Called Strike
0-1: Ball
1-1: Foul Ball, location: 2F
1-2: Ball
2-2: Ball
3-2: Foul Ball, location: 2F
3-2: DOUBLE (Line Drive, 9LM, EV 106.2 MPH)
Chiel Palstermans to third
Pitching: RHP Joe Pate
Batting: RHB Alois Wollf 0-0: Ball
1-0: Called Strike
1-1: Called Strike
1-2: Ball
2-2: Foul Ball, location: 2F
2-2: Ball
3-2: Base on Balls
Batting: LHB Chris Moody 0-0: Ball
1-0: Grounds into fielders choice 1-2 (Groundball, 13S, EV 68.1 MPH)
Kevin Howard to third
Alois Wollf to second
Batting: LHB Joseph Martin 0-0: Ground out 4-3 (Groundball, 34D, EV 87.5 MPH)
Bottom of the 6th over - 0 runs, 2 hits, 0 errors, 3 left on base; Chicago 3 - San Diego 0
TOP OF THE 7TH
Chicago Cubs batting - Pitching for San Diego Padres : LHP Jason Breeden
Pitching: RHP Raul Almonte
Pinch Hitting: SHB Seung-ho Zhang 0-0: Called Strike
0-1: Called Strike
0-2: Fly out, F7 (Flyball, 78S, EV 81.9 MPH)
Batting: RHB Pat Barton 0-0: Swinging Strike
0-1: Ball
1-1: Called Strike
1-2: Strikes out swinging
Batting: RHB Yasuhide Kasahara 0-0: DOUBLE (Line Drive, 78XD, EV 105.0 MPH)
Batting: RHB Elijah Campbell 0-0: Ball
1-0: SINGLE (Line Drive, 34, EV 95.0 MPH)
Yasuhide Kasahara to third
Batting: RHB Efrain Vargas 0-0: Foul Ball, location: 2F
0-1: Ball
1-1: Ball
2-1: Fly out, F9 (Flyball, 9LS, EV 87.5 MPH)
Top of the 7th over - 0 runs, 2 hits, 0 errors, 2 left on base; Chicago 3 - San Diego 0
BOTTOM OF THE 7TH
San Diego Padres batting - Pitching for Chicago Cubs : RHP Joe Pate
Now in CF: Seung-ho Zhang
Batting: LHB Per Meulengracht 0-0: Foul Ball, location: 2F
0-1: Swinging Strike
0-2: Ground out 6-3 (Groundball, 4M, EV 112.5 MPH)
Batting: RHB Jorge Severiano 0-0: Called Strike
0-1: Foul Ball, location: 2F
0-2: Ball
1-2: Ball
2-2: Ball
3-2: Hit by Pitch
Batting: RHB Carlos Reyes 0-0: Ball
1-0: Called Strike
1-1: Ball
2-1: Foul Ball, location: 2F
2-2: Foul Ball, location: 2F
2-2: Strikes out swinging
Batting: LHB Aaron LeBlanc 0-0: Ball
1-0: Ball
2-0: Called Strike
2-1: Ball
3-1: Base on Balls
Jorge Severiano to second
Batting: RHB Chiel Palstermans 0-0: Ball
1-0: Foul Ball, location: 2F
1-1: Ball
2-1: Ball
3-1: Base on Balls
Jorge Severiano to third
Aaron LeBlanc to second
Batting: RHB Kevin Howard 0-0: Ground out 4-3 (Groundball, 34, EV 81.2 MPH)
Bottom of the 7th over - 0 runs, 0 hits, 0 errors, 3 left on base; Chicago 3 - San Diego 0
TOP OF THE 8TH
Chicago Cubs batting - Pitching for San Diego Padres : RHP Raul Almonte
Batting: RHB Josh Kalman 0-0: Ball
1-0: Called Strike
1-1: Ball
2-1: SINGLE (Flyball, 8LM, EV 91.2 MPH)
Batting: RHB Will Leslie 0-0: Called Strike
0-1: Reached on error, E6 (Groundball, 6S, EV 64.4 MPH)
Josh Kalman to second
Batting: RHB Steve Bui 0-0: Foul Ball, location: 2F
0-1: Ball
1-1: Foul Ball, location: 2F
1-2: Foul Ball, location: 2F
1-2: Foul Ball, location: 2F
1-2: Ball
2-2: Grounds into double play, 6-4-3 (Groundball, 6, EV 86.2 MPH)
Josh Kalman to third
Pitching: LHP Yuri Thra
Batting: LHB Kevin Norton 0-0: Fly out, F6 (Popup, 6, EV 61.9 MPH)
Top of the 8th over - 0 runs, 1 hit, 1 error, 1 left on base; Chicago 3 - San Diego 0
BOTTOM OF THE 8TH
San Diego Padres batting - Pitching for Chicago Cubs : RHP Joe Pate
Pitching: LHP George Poirier
Batting: RHB Alois Wollf 0-0: Ball
1-0: Called Strike
1-1: Ball
2-1: Fly out, F6 (Line Drive, 6, EV 64.4 MPH)
Batting: LHB Chris Moody 0-0: Foul Ball, location: 2F
0-1: Ball
1-1: Called Strike
1-2: Strikes out swinging
Batting: LHB Joseph Martin 0-0: Swinging Strike
0-1: Swinging Strike
0-2: Ball
1-2: Ball
2-2: Ball
3-2: Strikes out swinging
Bottom of the 8th over - 0 runs, 0 hits, 0 errors, 0 left on base; Chicago 3 - San Diego 0
TOP OF THE 9TH
Chicago Cubs batting - Pitching for San Diego Padres : LHP Yuri Thra
Batting: SHB Seung-ho Zhang 0-0: Foul Ball, location: 2F
0-1: Ground out 6-3 (Groundball, 56, EV 79.4 MPH)
Batting: RHB Pat Barton 0-0: Ball
1-0: Ball
2-0: Ball
3-0: Called Strike
3-1: SINGLE (Line Drive, 78M, EV 86.9 MPH)
Batting: RHB Yasuhide Kasahara 0-0: Swinging Strike
0-1: SINGLE (Groundball, 4MD, EV 95.0 MPH)
Pat Barton to second
Batting: RHB Elijah Campbell 0-0: Called Strike
0-1: Ground out 6-3 (Groundball, P, EV 80.0 MPH)
Pat Barton to third
Yasuhide Kasahara to second
Batting: RHB Efrain Vargas 0-0: Ground out 5-3 (Groundball, 56S, EV 68.1 MPH)
Top of the 9th over - 0 runs, 2 hits, 0 errors, 2 left on base; Chicago 3 - San Diego 0
BOTTOM OF THE 9TH
San Diego Padres batting - Pitching for Chicago Cubs : LHP George Poirier
Pitching: RHP Eric Oakes
Batting: LHB Per Meulengracht 0-0: Ball
1-0: Ball
2-0: Called Strike
2-1: Ball
3-1: Base on Balls
Batting: RHB Jorge Severiano 0-0: Ball
1-0: Called Strike
1-1: Foul Ball, location: 2F
1-2: Fly out, F7 (Flyball, 78S, EV 94.4 MPH)
Batting: LHB Ryan Flynn Jr. 0-0: Called Strike
0-1: Ball
1-1: 2-RUN HOME RUN (Flyball, 7LD, EV 93.1 MPH), Distance : 351 ft
Batting: LHB Aaron LeBlanc 0-0: Ball
1-0: Fly out, F6 (Line Drive, 6, EV 73.1 MPH)
Batting: RHB Chiel Palstermans 0-0: Ball
1-0: Ball
2-0: Called Strike
2-1: Called Strike
2-2: Foul Ball, location: 2F
2-2: Strikes out looking
Bottom of the 9th over - 2 runs, 1 hit, 0 errors, 0 left on base; Chicago 3 - San Diego 2
Wednesday, June 22nd , 2022 - OOTP Baseball 23.4 Build 64